 Dungeon Crawl Stone Soup version 0.32-a0-411-g744942f433 (webtiles) character file.

Game seed: 1735514287146329357

85 ezpacito the Trooper (level 4, -5/35 HPs)
             Began as a Demonspawn Chaos Knight on Feb 20, 2024.
             Was a Plaything of Xom.
             Slain by Crazy Yiuf
             ... wielding a +4 quarterstaff of chaos
              (11 damage)
             ... on level 2 of the Dungeon.
             The game lasted 00:01:53 (1865 turns).

ezpacito the Trooper (Demonspawn Chaos Knight)      Turns: 1865, Time: 00:01:54

Health: -5/35      AC:  5    Str: 13    XL:     4   Next: 25%
Magic:  4/4        EV: 11    Int: 12    God:    Xom [...*..]
Gold:   39         SH:  0    Dex: 16    Spells: 4/4 levels left

rFire   . . .        a - +0 hand axe (chaos)
rCold   . . .        (no shield)
rNeg    . . .        b - +2 leather armour
rPois   .            (no helmet)
rElec   .            (no cloak)
rCorr   .            (no gloves)
SInv    .            (no boots)
Will    .....        (no amulet)
Stlth   ++           (no ring)
HPRegen 0.25/turn    (no ring)
MPRegen 0.09/turn

%: no passive effects
@: no status effects
A: hooves 2, foul stench 1, agile 1
a: Renounce Religion


You were on level 2 of the Dungeon.
You worshipped Xom.
You were a favourite toy of Xom.
You visited 1 branch of the dungeon, and saw 2 of its levels.

You collected 39 gold pieces.

Inventory:

Hand Weapons
 a - a +0 hand axe of chaos (weapon)
Missiles
 i - 2 silver javelins (quivered)
 n - 5 poisoned darts
Armour
 b - a +2 leather armour (worn)
Talismans
 f - a blade talisman
Scrolls
 c - a scroll of butterflies
 g - a scroll of blinking
 j - a scroll of torment {unknown}
 k - a scroll of amnesia {unknown}
 m - a scroll of brand weapon {unknown}
 o - a scroll of teleportation {unknown}
Potions
 d - 2 potions of heal wounds
 e - a potion of berserk rage
 h - a potion of mutation {unknown}
 l - a potion of lignification {unknown}


   Skills:
 * Level 3.5 Fighting
 * Level 3.4 Axes
 * Level 2.0 Armour
 * Level 1.1 Dodging
 * Level 1.1 Stealth
 * Level 1.1 Unarmed Combat
 * Level 0.5 Spellcasting


You had 4 spell levels left.
You didn't know any spells.
Your spell library contained the following spells:

 Spells                   Type           Power      Damage    Failure   Level
 Stone Arrow              Conj/Erth      0%         3d7       77%         3
 Animate Armour           Summ/Erth      0%         N/A       99%         4
 Lehudib's Crystal Spear  Conj/Erth      0%         10d2      100%        8


Dungeon Overview and Level Annotations

Branches:
Dungeon (2/15)

Altars:

Annotations:
D:2 Crazy Yiuf


Innate Abilities, Weirdness & Mutations

You have hoof-like feet.
You may rarely emit foul miasma when damaged in melee.
You are agile. (Dex +4, Str/Int -1)


Message History

You hit the fungus.
The fungus begins to die.
The fungus is poisoned.
You hit the fungus. You burn the fungus. You hit the fungus.
The fungus suddenly seems more resistant.
The fungus is lightly damaged.
You hit the fungus.
The fungus convulses.
You hit the fungus. You burn the fungus. You hit the fungus.
Nothing appears to happen.
The fungus is lightly damaged.
You hit the fungus.
The fungus is caught in a web!
You hit the fungus but do no damage.
A nearby fungus withers and dies. x2
A nearby fungus withers and dies.
Found a hammer.
Found a runed translucent door.
Crazy Yiuf shouts!
You open the door. You hit Crazy Yiuf.
Crazy Yiuf seems to speed up.
Xom thinks this is hilarious!
You kick Crazy Yiuf.
Crazy Yiuf is moderately wounded.
Crazy Yiuf cries, "Mama!
Snurf meccalolo disdain."
Crazy Yiuf hits you with a +4 quarterstaff of chaos.
You hit Crazy Yiuf. You drain Crazy Yiuf.
Crazy Yiuf is severely wounded.
Crazy Yiuf hits you with a +4 quarterstaff of chaos.
Crazy Yiuf freezes you.
Crazy Yiuf hits you with a +4 quarterstaff of chaos!
Crazy Yiuf burns you.
You barely miss Crazy Yiuf. Your kick misses Crazy Yiuf.
Crazy Yiuf is severely wounded.
Crazy Yiuf closely misses you.
Crazy Yiuf says, "Which is more difficult, to awaken one who sleeps or to awaken one who, awake, dreams that he is awake?"
Crazy Yiuf hits you with a +4 quarterstaff of chaos.
* * * LOW HITPOINT WARNING * * *
Crazy Yiuf burns you.
* * * LOW HITPOINT WARNING * * *
You hit Crazy Yiuf. Your kick misses Crazy Yiuf.
Crazy Yiuf is almost dead.
Crazy Yiuf shuffles his notes under his cloak.
Crazy Yiuf hits you with a +4 quarterstaff of chaos!
You die...

#.# ##..##
#.##.#.###
#.# #....#
#.##.#.###
### #...P#
#.##.#...#
#...##
#.##.###.#
##.##
#.##......
#.##
#.##.###.#
##.# #>##.#
#.# #.##
#.#### #..
##@# #.# ###
#g#* #.#
...* #.#
#...# #.#
#รท.)# #.#
##### #.#
#.#
#########.##
#..........#


You could see Crazy Yiuf (fast, very drained).

Vanquished Creatures
  Terence (D:2)
  An adder (D:2)
  2 ball pythons
  5 endoplasms
  3 hobgoblins
  5 kobolds
  2 quokkas (D:1)
  3 bats
  5 frilled lizards
  A goblin (D:2)
  2 rats
30 creatures vanquished.

Notes
Turn   | Place    | Note
-------+----------+-------------------------------------------
     0 | D:1      | ezpacito the Demonspawn Chaos Knight began the quest for
                  | the Orb.
     0 | D:1      | Reached XP level 1. HP: 18/18 MP: 1/1
   322 | D:1      | Reached skill level 1 in Dodging
   328 | D:1      | Gained mutation: You have large cloven feet. [demonic
                  | ancestry]
   328 | D:1      | Reached XP level 2. HP: 22/24 MP: 2/2
   360 | D:1      | XOM: smoke on damage
   674 | D:1      | Gained mutation: You may rarely emit foul miasma when
                  | damaged in melee. [demonic ancestry]
   674 | D:1      | Reached XP level 3. HP: 26/29 MP: 3/3
   720 | D:1      | XOM: silly message
  1240 | D:2      | Reached skill level 1 in Unarmed Combat
  1490 | D:2      | XOM: divination: magic mapping
  1578 | D:2      | XOM: noise
  1589 | D:2      | Noticed Terence
  1591 | D:2      | Found a faded altar of an unknown god.
  1594 | D:2      | XOM: butterfly on damage
  1600 | D:2      | Killed Terence
  1601 | D:2      | Reached skill level 1 in Stealth
  1601 | D:2      | Gained mutation: You have hoof-like feet. [demonic
                  | ancestry]
  1601 | D:2      | Reached XP level 4. HP: 15/35 MP: 4/4
  1692 | D:2      | XOM: give mutation
  1692 | D:2      | Gained mutation: You are agile. (Dex +4, Str/Int -1) [Xom's
                  | grace]
  1857 | D:2      | Found a runed translucent door.
  1858 | D:2      | Noticed Crazy Yiuf
  1865 | D:2      | Slain by Crazy Yiuf

Illustrated notes

Levels and vault maps discovered:
D:1:      dpeg_arrival_chambers_temple_mockup, layout_basic, minmay_ruptured
D:2:      layout_basic, shapermc_ecumenical_altar_pompeii, uniq_terence,
          uniq_crazy_yiuf_cottage

Skill      XL: |  1  2  3 |
---------------+----------+-----
Dodging        | 1 |  1.1
Axes           | 3 |  3.4
Unarmed Combat | 1 |  1.1
Armour         | 2 |  2.0
Stealth        | 1 |  1.1
Fighting       | |  3.5
Spellcasting   | |  0.5

Action                     |  1- 3 |  4- 6 || total
---------------------------+-------+-------++-------
  Melee: Hand axe          |    74 |    10 ||    84
         Kick              |    13 |     2 ||    15
    Use: Scroll            |     2 |     1 ||     3
   Stab: Confused          |     2 |       ||     2
         Sleeping          |     1 |       ||     1
 Armour: Leather armour    |    47 |     5 ||    52
  Dodge: Dodged            |    31 |     1 ||    32

Table legend: (Time is in decaauts)
 A = Elapsed time spent in this place.
 B = Non-inter-level travel time spent in this place.
 C = Inter-level travel time spent in this place.
 D = Time resting spent in this place.
 E = Time spent auto-exploring this place.
 F = Levels seen in this place.
 G = Mean time per level.
                   A        B        C        D        E       F      G
               +--------+--------+--------+--------+--------+-----+--------+
         Total |   1877 |   1746 |    131 |      0 |   1474 |   2 |  938.5 |
       Dungeon |   1877 |   1746 |    131 |      0 |   1474 |   2 |  938.5 |
               +--------+--------+--------+--------+--------+-----+--------+

Top non-repeatable levels by time:
     D:2: 1032 daAuts
     D:1: 845 daAuts
